 Dungeon Crawl Stone Soup version 0.26-a0-1205-g4083c211ab (webtiles) character file.

Game seed: 1133083312853099244

2387 hehateme the Shield-Bearer (level 9, 0/44 HPs)
             Began as a Vine Stalker Warper on Dec 29, 2020.
             Was an Initiate of Gozag.
             Succumbed to a killer bee's poison
             ... on level 7 of the Dungeon on Dec 30, 2020.
             The game lasted 00:25:16 (9553 turns).

hehateme the Shield-Bearer (Vine Stalker Warper)    Turns: 9553, Time: 00:25:16

Health: 0/44       AC:  7    Str: 16    XL:     9   Next: 46%
Magic:  3/13       EV: 10    Int: 13    God:    Gozag
Gold:   83         SH: 12    Dex: 15    Spells: 12/12 levels left

rFire    . . .     SeeInvis .   C - +0 war axe
rCold    . . .     Faith    .   y - +2 kite shield {AC+3} {AC+3}
rNeg     . . .     Spirit   +   b - +0 leather armour
rPois    .         Reflect  .   g - +0 helmet
rElec    .         Harm     .   (no cloak)
rCorr    .         Rampage  .   (no gloves)
Will     +....                  (no boots)
Stlth    +++.......             (no amulet)
HPRegen  0.54/turn              (no ring)
MPRegen  0.13/turn              (no ring)

@: lethally poisoned (0 -> -13), gold aura, flying, hasted, very quick
A: fangs 3, regeneration 1, magic shield, antimagic bite, no potion heal 3
a: Renounce Religion, Potion Petition, Call Merchant, Bribe Branch


You were on level 7 of the Dungeon.
You worshipped Gozag.
Gozag was noncommittal.
You visited 2 branches of the dungeon, and saw 9 of its levels.

You collected 804 gold pieces.
You paid 721 gold pieces to Gozag.

Inventory:

Hand Weapons
 a - a +0 hand axe
 C - a +0 war axe (weapon)
Missiles
 c - 6 atropa-tipped darts
 e - 4 boomerangs of dispersal {=f}
 k - 32 poisoned darts
 n - 87 arrows
 o - 176 stones
 x - a throwing net {=f}
 E - 16 sling bullets
 K - 2 silver javelins (quivered)
 Q - 88 bolts
Armour
 b - a +0 leather armour (worn)
 g - a +0 helmet (worn)
 w - a +0 buckler
 y - a +2 kite shield of protection (worn) {AC+3}
 A - a cursed -1 ring mail
Jewellery
 l - a cursed ring of teleportation {unknown}
 p - an uncursed amulet of guardian spirit {unknown}
 q - an uncursed ring of fire {unknown}
 s - an uncursed ring of magical power {unknown}
 v - an uncursed amulet of the acrobat {unknown}
 B - a cursed -4 ring of evasion {unknown}
 D - an uncursed ring of fire {unknown}
 H - a cursed ring of attention {unknown}
 J - the amulet "Feor" {rElec rPois Regen+ Int+7 Slay-6}
   (You found it on level 6 of the Dungeon)

   [amulet of regeneration]

   It affects your intelligence (+7).
   It affects your accuracy and damage with ranged weapons and melee attacks
   (-6).
   It insulates you from electricity.
   It protects you from poison.
   It increases your rate of regeneration.
Scrolls
 d - a scroll of blinking {!r}
 f - 4 scrolls of remove curse {unknown}
 h - 3 scrolls of amnesia {unknown}
 i - 8 scrolls of identify {unknown}
 m - 2 scrolls of fog {unknown}
 r - 3 scrolls of enchant armour {unknown}
 G - 4 scrolls of enchant weapon {unknown}
Potions
 j - 3 potions of curing {unknown}
 t - 3 potions of attraction {unknown}
 u - a potion of degeneration {unknown}
 F - a potion of might {unknown}
 L - a potion of haste {unknown}
 N - a potion of resistance {unknown}


   Skills:
 - Level 3.0 Fighting
 - Level 5.0 Axes
 - Level 0.8 Throwing
 - Level 5.3 Armour
 - Level 1.5 Dodging
 - Level 5.0 Stealth
 * Level 6.0 Shields
 - Level 2.1 Spellcasting
 - Level 5.0 Translocations


You had 12 spell levels left.
You didn't know any spells.
Your spell library contained the following spells:

 Spells                   Type           Power        Failure   Level
 Apportation              Tloc           28%          12%         1
 Blink                    Tloc           N/A          19%         2
 Gell's Gravitas          Tloc           7%           36%         3
 Lesser Beckoning         Tloc           7%           36%         3
 Teleport Other           Tloc           14%          36%         3
 Animate Skeleton         Necr           2%           67%         1
 Corona                   Hex            1%           67%         1
 Magic Dart               Conj           4%           67%         1
 Pain                     Necr           4%           67%         1
 Summon Small Mammal      Summ           4%           67%         1
 Passage of Golubria      Tloc           N/A          77%         4
 Searing Ray              Conj           2%           82%         2
 Dazzling Flash           Conj/Hex       2%           96%         3
 Vampiric Draining        Necr           0%           96%         3
 Iskenderun's Mystic Bla  Conj/Tloc      7%           98%         4
 Animate Dead             Necr           0%           100%        4
 Fulminant Prism          Conj/Hex       0%           100%        4
 Agony                    Necr           1%           100%        5


Dungeon Overview and Level Annotations

Branches:
Dungeon (8/15)             Temple (1/1) D:5
   Lair: D:8-11

Altars:
Ashenzari
Dithmenos
Fedhas
Gozag
Hepliaklqana
Kikubaaqudgha
Nemelex Xobeh
Okawaru
Trog
Uskayaw
Vehumet
Yredelemnul
Zin
The Shining One

Shops:
D:4 !   D:6 *

Annotations:
D:3 exclusion: orc, Sigmund
D:6 exclusion: gnoll
D:7 exclusions: orc priest and scorpion
D:8 exclusion: killer bee


Innate Abilities, Weirdness & Mutations

You have razor-sharp teeth.
Your natural rate of healing is unusually fast.
When hurt, damage is shared between your health and your magic reserves.
Your bite disrupts and absorbs the magic of your enemies.
Potions cannot restore your health.


Message History

Really read
d - 2 scrolls of blinking {!r}?
Blink to where?
As you read the scroll of blinking {!r}, it crumbles to dust.
* * * LOW HITPOINT WARNING * * *
You feel sick.
You take 1 damage, and have 4/44 hp.
* * * LOW HITPOINT WARNING * * *
You feel sick.
You take 1 damage, and have 3/44 hp.
* * * LOW HITPOINT WARNING * * *
You feel sick.
You take 2 damage, and have 1/44 hp.
It was a potion of heal wounds.
That seemed strangely inert.
* * * LOW HITPOINT WARNING * * *
You feel sick.
It was a potion of flight.
You feel very buoyant.
You fly up into the air.
You die...
Your body crumbles into a pile of gold.

#.###....##..##....# #..<.
#.....#####..##....# #>...
#....O#......##..######....
#.....#......##..###..#....
#.....#......#........#....
#.....#......'........#....
#.....##########'######....
#..........................
#.........@<........y......
#...............)..........
#..........................
#ยง########....###########'#
#........#....#.......#....
#..y.....#....#.......#....
#.##.....#....#.......#....
#.##.....#....#.......##...
#.##.(...#....#..##...##...

Skill      XL: |  1  2  3  4  5  6  7  8  9 |
---------------+----------------------------+-----
Fighting       | 2 3 |  3.0
Stealth        | 3 4 5 |  5.0
Axes           | 3 5 |  5.0
Armour         | 4 5 |  5.3
Translocations | 5 |  5.0
Shields        | 3 6 |  6.0
Throwing       | |  0.8
Dodging        | |  1.5
Spellcasting   | |  2.1

Notes
Turn   | Place    | Note
-------+----------+-------------------------------------------
     0 | D:1      | hehateme the Vine Stalker Warper began the quest for the
                  | Orb.
     0 | D:1      | Reached XP level 1. HP: 11/11 MP: 4/4
    65 | D:1      | Reached skill level 2 in Fighting
   325 | D:1      | Reached XP level 2. HP: 16/16 MP: 6/6
   993 | D:1      | Reached skill level 3 in Fighting
  1133 | D:2      | Reached XP level 3. HP: 20/20 MP: 7/7
  1293 | D:2      | Reached skill level 1 in Stealth
  1423 | D:2      | Reached skill level 2 in Stealth
  1574 | D:2      | Reached skill level 3 in Stealth
  1596 | D:2      | HP: 5/20 [poisoned by an adder]
  1982 | D:2      | Gained mutation: Your natural rate of healing is unusually
                  | fast. [Vine Stalker growth]
  1982 | D:2      | Reached XP level 4. HP: 23/24 MP: 8/8
  2223 | D:2      | Found a blossoming altar of Fedhas.
  2382 | D:3      | Found a glowing golden altar of the Shining One.
  2736 | D:3      | Reached skill level 4 in Stealth
  2748 | D:3      | Found a hide-covered altar of Uskayaw.
  2757 | D:3      | Found a shadowy altar of Dithmenos.
  2768 | D:3      | Noticed Sigmund
  2850 | D:3      | Reached XP level 5. HP: 28/28 MP: 9/9
  2875 | D:3      | Reached skill level 5 in Stealth
  3356 | D:4      | Reached skill level 2 in Axes
  3447 | D:4      | Reached skill level 3 in Axes
  3545 | D:4      | Reached XP level 6. HP: 26/32 MP: 8/10
  3582 | D:4      | Found an iron altar of Okawaru.
  3583 | D:4      | Found a glowing silver altar of Zin.
  3796 | D:4      | Reached skill level 4 in Axes
  3932 | D:4      | HP: 5/32 [iguana (7)]
  4083 | D:4      | Found Irep's Distillery.
  4394 | D:5      | Entered Level 5 of the Dungeon
  4436 | D:5      | Reached skill level 5 in Axes
  4436 | D:5      | Reached XP level 7. HP: 21/36 MP: 7/11
  4506 | D:5      | Found an opulent altar of Gozag.
  4700 | D:5      | Reached skill level 1 in Armour
  5046 | D:5      | Reached skill level 2 in Armour
  5215 | D:5      | Reached skill level 3 in Armour
  5390 | D:5      | Found a staircase to the Ecumenical Temple.
  5411 | Temple   | Entered the Ecumenical Temple
  5448 | D:5      | Became a worshipper of Gozag Ym Sagoz the Greedy
  5590 | D:6      | Reached skill level 4 in Armour
  5590 | D:6      | Gained mutation: You have razor-sharp teeth. [Vine Stalker
                  | growth]
  5590 | D:6      | Reached XP level 8. HP: 27/40 MP: 7/12
  5856 | D:6      | Found a broken altar of Ashenzari.
  6021 | D:6      | Found Nep Ycuumaoff's Assorted Antiques.
  6418 | D:6      | Reached skill level 5 in Armour
  6448 | D:6      | Got a vibrating steel amulet
  6454 | D:6      | Identified the amulet "Feor" {rElec rPois Regen+ Int+7
                  | Slay-6} (You found it on level 6 of the Dungeon)
  7967 | D:7      | Reached skill level 4 in Translocations
  8157 | D:7      | Reached skill level 1 in Shields
  8264 | D:7      | Reached skill level 2 in Shields
  8308 | D:7      | Reached skill level 5 in Translocations
  8327 | D:7      | Noticed a two-headed ogre
  8705 | D:6      | Reached skill level 3 in Shields
  8705 | D:6      | Reached XP level 9. HP: 26/44 MP: 7/13
  9108 | D:8      | Reached skill level 4 in Shields
  9130 | D:8      | Reached skill level 5 in Shields
  9461 | D:8      | Noticed a two-headed ogre
  9538 | D:7      | HP: 9/44 [killer bee (4)]
  9545 | D:7      | HP: 9/44 [poisoned by a killer bee]
  9546 | D:7      | Reached skill level 6 in Shields
  9549 | D:7      | HP: 4/44 [poisoned by a killer bee]
  9551 | D:7      | HP: 1/44 [poisoned by a killer bee]
  9553 | D:7      | Succumbed to a killer bee's poison

Table legend: (Time is in decaauts)
 A = Elapsed time spent in this place.
 B = Non-inter-level travel time spent in this place.
 C = Inter-level travel time spent in this place.
 D = Time resting spent in this place.
 E = Time spent auto-exploring this place.
 F = Levels seen in this place.
 G = Mean time per level.
                   A        B        C        D        E       F      G
               +--------+--------+--------+--------+--------+-----+--------+
         Total |   9796 |   9133 |    663 |   1501 |   5792 |   9 | 1088.4 |
       Dungeon |   9789 |   9130 |    659 |   1501 |   5789 |   8 | 1223.6 |
        Temple |      7 |      3 |      4 |      0 |      3 |   1 |    7.0 |
               +--------+--------+--------+--------+--------+-----+--------+

Top non-repeatable levels by time:
     D:6: 2199 daAuts
     D:7: 1683 daAuts
     D:2: 1258 daAuts
     D:1: 1134 daAuts
     D:4: 1112 daAuts
     D:5: 1068 daAuts
     D:3: 995 daAuts
     D:8: 336 daAuts
  Temple: 7 daAuts

Table legend:
 A = Kills in this place as a percentage of kills in entire the game.
 B = Kills by you in this place as a percentage of kills by you in the entire game.
 C = Kills by friends in this place as a percentage of kills by friends in the entire game.
 D = Other kills in this place as a percentage of other kills in the entire game.
 E = Experience gained in this place as a percentage of experience gained in the entire game.
 F = Experience gained in this place divided by the number of levels of this place that you have seen.
                   A       B       C       D       E      F
               +-------+-------+-------+-------+-------+----------------------
         Total | 100.0 | 100.0 |   N/A |   N/A | 100.0 | 378.9
       Dungeon | 100.0 | 100.0 |   N/A |   N/A | 100.0 | 426.2
               +-------+-------+-------+-------+-------+----------------------

Action                   |  1- 3 |  4- 6 |  7- 9 || total
-------------------------+-------+-------+-------++-------
Melee: Hand axe          |    98 |   160 |       ||   258
       Bite              |    14 |    49 |    95 ||   158
       War axe           |       |    13 |   345 ||   358
Throw: Boomerang         |     1 |       |       ||     1
       Stone             |    40 |    78 |   145 ||   263
       Javelin           |       |       |    24 ||    24
Invok: Potion Petition   |       |       |     2 ||     2
Evoke: Wand              |       |     1 |     4 ||     5
  Use: Scroll            |       |       |     5 ||     5
       Potion            |       |       |     2 ||     2
 Stab: Sleeping          |       |     1 |     2 ||     3
Armor: Leather armour    |    36 |    61 |   111 ||   208
Dodge: Dodged            |    76 |    63 |   168 ||   307
Block: Kite shield       |       |    67 |   208 ||   275
       Buckler           |       |     4 |       ||     4

Vanquished Creatures
  A black bear (D:7)
  An orc warrior (D:6)
  4 ice beasts
  2 ogres
  A phantom (D:7)
  2 big kobolds
  A bullfrog (D:7)
  A wyvern zombie (D:6)
  A scorpion (D:7)
  2 killer bees
  3 howler monkeys
  3 hounds
  A quasit (D:4)
  A bullfrog zombie (D:5)
  A centaur zombie (D:7)
  2 orc wizards
  4 centaur skeletons
  4 iguanas
  2 worker ants
  A killer bee zombie (D:5)
  A hound skeleton (D:5)
  4 gnolls (D:6)
  4 adders
  A shadow imp (D:5)
  4 white imps
  5 ufetubi
  2 oozes
  An adder skeleton (D:5)
  7 leopard geckos
  26 orcs
  3 ball pythons
  6 bats
  7 giant cockroaches
  9 goblins
  3 hobgoblins
  13 kobolds
  5 quokkas
  8 frilled lizards
  4 rats
151 creatures vanquished. There were no monsters in sight!

Levels and vault maps discovered:
D:1:      eino_arrival_tree_alley, layout_loops_cross, grunt_decor_cap
D:2:      layout_rooms, fedhas_altar_4
D:3:      layout_loops_ring, overflow_temple_1_default, tso_altar,
          lemuel_crystal_altar, hangedman_abyss_or_decor_lesser_grid,
          uniq_sigmund
D:4:      layout_gridville, gammafunk_temple_overflow_statue, serial_shops,
          nicolae_shop_behind_doors
D:5:      wad_river_or_something, layout_loops_ring,
          minmay_temple_entry_poolview, serial_shops, nicolae_shop_waterfront,
          chequers_garden, nicolae_gozag_seed_capital
D:6:      layout_basic, serial_shops, nicolae_shop_overgrown_old_shop,
          supply_closet_lemuel, nicolae_ashenzari_panopticon
D:7:      minmay_the_grid_triangle_9x9_rhombus_full
          [minmay_the_grid_triangle_9x9_steps,
          minmay_the_grid_triangle_9x9_odd_lines,
          minmay_the_grid_triangle_9x9_limited_checkers,
          minmay_the_grid_triangle_9x9_pentomino_pain,
          minmay_the_grid_triangle_9x9_checkered,
          minmay_the_grid_triangle_9x9_fully_insulated_deathbox,
          minmay_the_grid_triangle_9x9_alien,
          minmay_the_grid_triangle_9x9_prize_top_heavy], layout_gridville
D:8:      layout_layer_cave, serial_shops, shop, shop_coins
Temple:   lightli_temple_of_artemis
